 Dungeon Crawl Stone Soup version 0.21.1-1-g345015fe64 (webtiles) character file.

403 Lavandula the Magician (level 6, -6/41 HPs)
             Began as a Barachi Earth Elementalist on July 21, 2018.
             Mangled by a scorpion (9 damage)
             ... on level 5 of the Dungeon.
             The game lasted 00:11:04 (1862 turns).

Lavandula the Magician (Barachi Earth Elementalist) Turns: 1862, Time: 00:11:05

Health: -6/41      AC:  3    Str:  9    XL:     6   Next: 86%
Magic:  0/13       EV: 12    Int: 17    God:
Gold:   136        SH:  0    Dex: 13    Spells: 1/14 levels left

rFire    . . .     SeeInvis .   q - +3 quarterstaff (chaos)
rCold    . . .     Gourm    .   (shield currently unavailable)
rNeg     . . .     Faith    .   c - +0 robe
rPois    .         Spirit   .   (no helmet)
rElec    .         Reflect  .   r - +0 cloak (curse)
rCorr    .         Harm     .   (no gloves)
MR       .....                  (no boots)
Stlth    ++........             (no amulet)
HPRegen  0.13/turn              (no ring)
MPRegen  0.13/turn              (no ring)

@: can't hop, slow
A: +LOS, swims, slowness 1, strong legs 1
a: Hop


You were on level 5 of the Dungeon.
You were not hungry.

You visited 1 branch of the dungeon, and saw 5 of its levels.

You collected 136 gold pieces.

Inventory:

Hand Weapons
 g - a +0 dagger
 l - a +0 halberd
 q - a +3 quarterstaff of chaos (weapon)
 s - a +1 mace of crushing
Missiles
 b - 44 stones (quivered)
Armour
 c - a +0 robe (worn)
 m - a +0 chain mail
 p - a +0 leather armour
 r - a cursed +0 cloak (worn)
 x - a +0 chain mail
Wands
 n - a wand of polymorph (17)
Scrolls
 a - a scroll of remove curse {unknown}
 f - 2 scrolls of identify {unknown}
 j - 5 scrolls of teleportation {unknown}
 k - a scroll of immolation {unknown}
 u - a scroll of enchant armour {unknown}
 w - a scroll of amnesia {unknown}
Potions
 h - 2 potions of agility
 i - a potion of degeneration {unknown}
 o - a potion of heal wounds {unknown}
Books
 e - a book of Geomancy

   Spells                             Type                      Level
   a - Sandblast                      Earth                        1
   b - Passwall                       Transmutation/Earth          2
   c - Stone Arrow                    Conjuration/Earth            3
   d - Petrify                        Transmutation/Earth          4
   e - Lee's Rapid Deconstruction     Earth                        5
 t - a book of Maledictions

   Spells                             Type                      Level
   a - Corona                         Hexes                        1
   b - Ensorcelled Hibernation        Hexes/Ice                    2
   c - Confuse                        Hexes                        3
   d - Tukima's Dance                 Hexes                        3
   e - Dazzling Spray                 Conjuration/Hexes            3
Comestibles
 d - 6 rations
 v - 2 chunks of flesh


   Skills:
 - Level 4.7 Staves
 - Level 2.1 Dodging
 - Level 1.7 Stealth
 - Level 4.7 Spellcasting
 - Level 1.1 Transmutations
 + Level 4.1 Earth Magic


You had one spell level left.
You knew the following spells:

 Your Spells              Type           Power        Failure   Level  Hunger
a - Sandblast             Erth           ###...       2%          1    None
b - Stone Arrow           Conj/Erth      ##....       19%         3    ###....
c - Petrify               Tmut/Erth      ##......     45%         4    ####...
d - Lee's Rapid Deconstr  Erth           ###.......   58%         5    ######.


Dungeon Overview and Level Annotations

Branches:
Dungeon (5/15)
 Temple: D:4-7

Altars:
Okawaru

Annotations:
D:2 Terence


Innate Abilities, Weirdness & Mutations

Shadows flee at your approach. (+LOS)
You can swim through water.
You cover ground slowly.
You can hop short distances.


Message History

b - 44 stones The scorpion stings you!
* * * LOW HITPOINT WARNING * * *
Unknown command.
Evoke which item? (* to show all) (? for menu, Esc to quit)
Okay, then.
You hit the scorpion.
The scorpion seems to slow down.
The scorpion is severely wounded.
The scorpion is no longer moving slowly.
The scorpion stings you!
* * * LOW HITPOINT WARNING * * *
Okay, then.
You completely miss the scorpion.
The scorpion is severely wounded.
You hear a distant slurping noise.
The scorpion stings you but does no damage.
You barely miss the scorpion.
The scorpion is severely wounded.
The scorpion stings you!
You die...

#. #. #######.
........ ........
........ ........ ..
........#######.....
###+#..s@........
#........?..#####
#.....#.....#
##'####.....#
######.# ...#+###
+>.....# ...#
#......+....#
#####'##....#
#..........#


You could see a scorpion.

Vanquished Creatures
  An ogre (D:4)
  A scorpion (D:4)
  Crazy Yiuf (D:3)
  2 iguanas
  Natasha (twice) (D:4)
  2 worker ants (D:4)
  A hound skeleton (D:4)
  An adder (D:2)
  3 worms
  3 dart slugs
  A leopard gecko (D:3)
  4 orcs
  2 ball pythons (D:2)
  3 giant cockroaches
  3 goblins
  A hobgoblin (D:1)
  9 jackals
  3 kobolds
  A quokka (D:4)
  7 bats
  6 frilled lizards
  A jackal skeleton (D:4)
  4 rats
62 creatures vanquished.

Notes
Turn   | Place    | Note
-------+----------+-------------------------------------------
     0 | D:1      | Lavandula the Barachi Earth Elementalist began the quest for the Orb.
     0 | D:1      | Reached XP level 1. HP: 13/13 MP: 3/3
   111 | D:2      | Reached XP level 2. HP: 16/19 MP: 3/5
   128 | D:2      | Noticed Terence
   438 | D:2      | Reached XP level 3. HP: 24/24 MP: 2/8
   443 | D:2      | Learned a level 3 spell: Stone Arrow
   825 | D:3      | Reached XP level 4. HP: 20/30 MP: 2/10
   832 | D:3      | Learned a level 4 spell: Petrify
   891 | D:3      | Found a runed door.
   895 | D:3      | Noticed Crazy Yiuf
   897 | D:3      | Killed Crazy Yiuf
   952 | D:3      | Found an iron altar of Okawaru.
  1122 | D:4      | Reached skill level 1 in Staves
  1140 | D:4      | Reached XP level 5. HP: 35/35 MP: 0/12
  1191 | D:5      | Entered Level 5 of the Dungeon
  1309 | D:4      | Noticed Natasha
  1312 | D:4      | Noticed an ogre
  1318 | D:4      | Killed an ogre
  1318 | D:4      | Reached XP level 6. HP: 5/41 MP: 6/13
  1323 | D:4      | Killed Natasha
  1455 | D:4      | Noticed Natasha
  1537 | D:3      | Learned a level 5 spell: Lee's Rapid Deconstruction
  1768 | D:4      | Killed Natasha
  1862 | D:5      | Mangled by a scorpion

Skill      XL: |  1  2  3  4  5  6 |
---------------+-------------------+-----
Spellcasting   | 3 4 |  4.7
Staves         | 2 4 |  4.7
Earth Magic    | 4 |  4.1
Dodging        | |  2.1
Stealth        | |  1.7
Transmutations | |  1.1

Action                   |  1- 3 |  4- 6 || total
-------------------------+-------+-------++-------
Melee: Unarmed           |     1 |       ||     1
       Halberd           |    43 |     8 ||    51
       Quarterstaff      |       |    29 ||    29
 Cast: Sandblast         |    41 |    39 ||    80
       Stone Arrow       |     3 |    11 ||    14
 Abil: Hop               |       |     4 ||     4
  Use: Potion            |       |     3 ||     3
 Stab: Sleeping          |     1 |       ||     1
  Eat: Chunk             |     1 |     4 ||     5
Armor: Robe              |    32 |     9 ||    41
Dodge: Dodged            |   102 |    35 ||   137
